 Dungeon Crawl Stone Soup version 0.19.0-19-g8c6edcc (webtiles) character file.

144 Monsterracer the Cudgeler (level 5, -2/41 HPs)
             Began as a Formicid Fighter on Nov 12, 2016.
             Killed by divine providence
             ... invoked by an orc priest
              (12 damage)
             ... on level 4 of the Dungeon.
             The game lasted 00:04:51 (2480 turns).

Monsterracer the Cudgeler (Formicid Fighter)        Turns: 2480, Time: 00:04:52

Health: -2/41      AC:  8    Str: 21    XL:     5   Next: 52%
Magic:  5/5        EV:  7    Int:  8    God:
Gold:   192        SH:  9    Dex: 10    Spells: 0 memorised, 4 levels left

rFire  . . .     SeeInvis +     a - +0 flail
rCold  . . .     Gourm    .     b - +0 scale mail
rNeg   . . .     Faith    .     c - +0 shield
rPois  .         Spirit   .     (helmet unavailable)
rElec  .         Reflect  .     (no cloak)
rCorr  .         Harm     .     q - +0 pair of gloves
MR     .....                    (no boots)
Stlth  ..........               (no amulet)
                                (no ring)
                                (no ring)

@: no status effects
A: permanent stasis, dig shafts and tunnels, four strong arms, antennae 3
a: Dig, Shaft Self


You were on level 4 of the Dungeon.
You were not hungry.

You visited 1 branch of the dungeon, and saw 4 of its levels.

You collected 192 gold pieces.

Inventory:

Hand Weapons
 a - a +0 flail (weapon)
Armour
 b - a +0 scale mail (worn)
 c - a +0 shield (worn)
 q - a +0 pair of gloves (worn)
Scrolls
 e - a scroll of noise {unknown}
 h - 2 scrolls of enchant weapon {unknown}
 i - 2 scrolls of identify {unknown}
 k - a scroll of teleportation {unknown}
 l - a scroll of blinking {unknown}
 n - a scroll of recharging {unknown}
 o - 2 scrolls of fog {unknown}
 p - a scroll of fear {unknown}
Potions
 d - a potion of might
Comestibles
 f - 2 bread rations
 g - 3 meat rations
 j - a beef jerky


   Skills:
 - Level 3.2 Fighting
 * Level 5.3 Maces & Flails
 - Level 3.2 Armour
 - Level 3.6 Shields


You had 4 spell levels left.
You didn't know any spells.

Dungeon Overview and Level Annotations

Branches:
Dungeon (4/15)
 Temple: D:4-7

Altars:


Innate Abilities, Weirdness & Mutations

You are under a permanent stasis effect.
You can dig through walls and to a lower floor.
Your four strong arms can wield two-handed weapons with a shield.
You have a pair of large antennae on your head. (SInv)


Message History

You block the hound's attack.
The orc wizard casts a spell.
The orc wizard flickers and vanishes for a moment.
The hound bites you.
You sock the hound!
You kill the hound!
The orc wizard casts a spell at you. The magic dart hits you!
The orc priest hits you with a short sword.
* * * LOW HITPOINT WARNING * * *
You are too injured to fight recklessly!
It was a potion of haste.
Your stasis keeps you stable.
The orc priest hits you but does no damage.
Your shield prevents you from hitting the orc priest.
The orc wizard looks braver for a moment.
You block the orc priest's attack.
You barely miss the orc priest.
The orc priest mumbles some strange prayers to Beogh against you.
Beogh smites you!
You die...

#.>...# ##
#.....#
#..#.....#
#..#.....#
#........#
#....<#
#.....#
#...(.#
###@###
###o####
#..o...#
#..#w.###
#..#...#
......###
....##.
... .. ##.
..


You could see a worm, an orc priest and an orc wizard (invisible).

Vanquished Creatures
  A hound (D:4)
  A howler monkey skeleton (D:4)
  4 adders
  An ooze (D:1)
  2 worms
  3 dart slugs
  2 leopard geckos (D:2)
  An orc (D:4)
  8 bats
  4 giant cockroaches (D:1)
  4 goblins
  7 hobgoblins
  5 kobolds
  A quokka (D:2)
  3 frilled lizards
  3 rats
50 creatures vanquished.

Notes
Turn   | Place    | Note
-------+----------+-------------------------------------------
     0 | D:1      | Monsterracer the Formicid Fighter began the quest for the Orb.
     0 | D:1      | Reached XP level 1. HP: 18/18 MP: 1/1
   207 | D:1      | Reached XP level 2. HP: 23/24 MP: 2/2
   285 | D:1      | Reached skill level 3 in Maces & Flails
   472 | D:1      | Reached XP level 3. HP: 29/29 MP: 3/3
   873 | D:2      | Reached skill level 4 in Maces & Flails
   873 | D:2      | Reached XP level 4. HP: 26/35 MP: 4/4
  2214 | D:3      | Reached XP level 5. HP: 36/41 MP: 5/5
  2470 | D:4      | Reached skill level 5 in Maces & Flails
  2480 | D:4      | Killed from afar by an orc priest

Skill      XL: |  1  2  3  4  5 |
---------------+----------------+-----
Maces & Flails | 3 4 5 |  5.3
Fighting       | |  3.2
Armour         | |  3.2
Shields        | |  3.6

Action                   |  1- 3 |  4- 6 || total
-------------------------+-------+-------++-------
Melee: Flail             |    82 |    81 ||   163
  Use: Potion            |       |     4 ||     4
  Eat: Chunk             |       |     5 ||     5
Armor: Scale mail        |    34 |    36 ||    70
       Skin              |       |    11 ||    11
Dodge: Dodged            |    33 |    21 ||    54
Block: Shield            |    42 |    53 ||    95
